 Dungeon Crawl Stone Soup version 0.30-a0-170-g85af917532 (webtiles) character file.

Game seed: 3015099227944360681

534 qw the Chopper (level 7, -4/43 HPs)
             Began as a Gargoyle Fighter on Sept 30, 2022.
             Slain by a worm (8 damage)
             ... on level 4 of the Dungeon.
             The game lasted 00:01:07 (2643 turns).

qw the Chopper (Gargoyle Fighter)                   Turns: 2643, Time: 00:01:08

Health: -4/43      AC: 12    Str: 22    XL:     7   Next: 25%
Magic:  7/7        EV:  8    Int:  8    God:
Gold:   140        SH:  8    Dex:  9    Spells: 6/6 levels left

rFire   . . .      SeeInvis .    Y - +0 war axe
rCold   + . .      Faith    .    o - +0 kite shield
rNeg    + . .      Spirit   .    b - +0 scale mail
rPois   inf        Reflect  .    g - +0 helmet
rElec   +          Harm     .    (no cloak)
rCorr   .          Rampage  .    (no gloves)
Will    +....                    (no boots)
Stlth   ..........               j - amulet of regeneration
HPRegen 0.94/turn                k - ring of willpower
MPRegen 0.10/turn                i - ring of protection from cold

@: no status effects
A: sickness immunity, AC +4, negative energy resistance 1, electricity
resistance, torment resistance 1, petrification resistance
a: no special abilities


You were on level 4 of the Dungeon.
You visited 1 branch of the dungeon, and saw 4 of its levels.

You collected 140 gold pieces.


Innate Abilities, Weirdness & Mutations

You are immune to sickness and miasma.
Your stone body is resilient. (AC +4)
You are immune to poison.
You resist negative energy. (rN+)
You are resistant to electric shocks. (rElec)
You are resistant to unholy torment.
You are immune to petrification.


   Skills:
 - Level 4.0 Fighting
 - Level 5.6 Axes
 - Level 3.2 Armour
 + Level 0.5 Dodging
 - Level 5.4 Shields


You had 6 spell levels left.
You didn't know any spells.
Your spell library was empty.

Inventory:

Hand Weapons
 a - a +0 flail
 Y - a +0 war axe (weapon)
Missiles
 e - 6 boomerangs (quivered)
Armour
 b - a +0 scale mail (worn)
 g - a +0 helmet (worn)
 o - a +0 kite shield (worn)
Jewellery
 i - a ring of protection from cold (right hand)
 j - an amulet of regeneration (around neck)
 k - a ring of willpower (left hand)
Scrolls
 p - a scroll of identify
Potions
 d - a potion of might
 h - 2 potions of curing
 m - a potion of cancellation {unknown}
 n - a potion of flight {unknown}

Dungeon Overview and Level Annotations

Branches:
Dungeon (4/15)
 Temple: D:4-7

Altars:

Portals:
Ossuary: D:4

Annotations:
D:2 1 runed translucent door, Crazy Yiuf


Message History

The gnoll hits you with a +0 halberd!
A worm comes into view.
You hit the gnoll but do no damage.
The gnoll is lightly wounded.
The gnoll hits you with a +0 halberd. You block the gnoll's attack.
You slash the gnoll!
The gnoll is severely wounded.
The gnoll hits you with a +0 halberd.
You hit the gnoll but do no damage.
The gnoll is severely wounded.
You block the gnoll's attack. x2
You closely miss the gnoll.
The gnoll is severely wounded.
The gnoll hits you with a +0 halberd.
You hit the gnoll.
You kill the gnoll!
You completely miss the worm. The worm barely misses you.
You slash the worm!
The worm is heavily wounded.
You block the worm's attack.
You hit the worm but do no damage.
The worm is moderately wounded.
You block the worm's attack.
You slash the worm!
The worm is almost dead.
The worm bites you.
You hit the worm.
The worm is almost dead.
You hit the worm but do no damage.
The worm is almost dead.
You hear the hiss of an avalanche of sand.
The worm bites you.
You hit the worm.
The worm is almost dead.
The worm bites you but does no damage.
You barely miss the worm.
The worm is almost dead.
The worm bites you!
You die...

... #.....[##
#...##.......#
#.).##.......# #
#............#..## ##
#.........8..#....
#.. #..........$....#
#.. #...##..8.\)8...#
#..##...##..).@w....#
#.............8.....#
#...)...##....#'###.#
#.....).##..$##.###
#...)....'........#
#.....)..#........#
#.......#######.###
#.......##..###.#
#........#......'


You could see a worm.

Vanquished Creatures
  Sigmund (D:2)
  Edmund (D:4)
  A scorpion (D:4)
  Jessica (D:3)
  Terence (D:2)
  Robin (D:2)
  3 adders
  4 gnolls (D:4)
  3 worms
  2 orcs
  5 ball pythons
  4 bats
  7 endoplasms
  4 giant cockroaches
  16 goblins
  7 hobgoblins
  4 jackals (D:1)
  4 quokkas
  5 kobolds
  5 rats
79 creatures vanquished.

Notes
Turn   | Place    | Note
-------+----------+-------------------------------------------
     0 | D:1      | qw the Gargoyle Fighter began the quest for the Orb.
     0 | D:1      | Reached XP level 1. HP: 14/14 MP: 1/1
     0 | D:1      | 0 ||| qw: Version: 0.2-a-12-gaebbb33
     0 | D:1      | 0 ||| qw: Game counter: 1473
     0 | D:1      | 0 ||| qw: Always use a shield: true
     0 | D:1      | 0 ||| qw: God list: Okawaru
     0 | D:1      | 0 ||| qw: Allow faded altars: false
     0 | D:1      | 0 ||| qw: Do Orc after D:15 true
     0 | D:1      | 0 ||| qw: Do second Lair branch before Depths: true
     0 | D:1      | 0 ||| qw: Lair rune preference: random
     0 | D:1      | 0 ||| qw: Plans: Normal, Zot:1-4, God:TSO, Crypt, Tomb,
                  | Pan, Slime:5, Hells, Abyss, Orb
     0 | D:1      | 0 ||| PLANNING D:1-11
    67 | D:1      | 67 ||| Stepping ~*~*~tactically~*~*~ (stealth).
    68 | D:1      | 68 ||| Stepping ~*~*~tactically~*~*~ (stealth).
    72 | D:1      | 72 ||| Stepping ~*~*~tactically~*~*~ (stealth).
   154 | D:1      | Found a faded altar of an unknown god.
   182 | D:1      | Reached XP level 2. HP: 14/19 MP: 2/2
   553 | D:1      | Reached skill level 3 in Axes
   577 | D:1      | Reached XP level 3. HP: 23/23 MP: 3/3
   590 | D:1      | 590 ||| DROPPING +0 club.
   892 | D:1      | 892 ||| UPGRADING to amulet of guardian spirit.
   897 | D:1      | 897 ||| UPGRADING to amulet of regeneration.
   907 | D:1      | 907 ||| DROPPING amulet of guardian spirit.
   908 | D:1      | 908 ||| READING scroll labelled MEEBBEISIG.
   909 | D:1      | 909 ||| READING scroll labelled KENKOA WASK.
   910 | D:1      | 910 ||| READING scroll labelled WUJEW RUILOAJEPRA.
   911 | D:1      | 911 ||| READING scroll labelled EGIDOY SUMAKHLUPI.
   985 | D:2      | Noticed Robin
  1004 | D:2      | Reached XP level 4. HP: 13/28 MP: 4/4
  1011 | D:2      | Killed Robin
  1030 | D:2      | 1030 ||| Stepping ~*~*~tactically~*~*~ (stealth).
  1178 | D:2      | Noticed Sigmund
  1191 | D:2      | Killed Sigmund
  1192 | D:2      | Reached XP level 5. HP: 32/32 MP: 5/5
  1192 | D:2      | Reached XP level 6. HP: 37/37 MP: 6/6
  1391 | D:2      | Noticed Terence
  1395 | D:2      | 1395 ||| Stepping ~*~*~tactically~*~*~ (stealth).
  1400 | D:2      | Killed Terence
  1547 | D:2      | Found a runed translucent door.
  1548 | D:2      | Noticed Crazy Yiuf
  1551 | D:2      | 1551 ||| UPGRADING to +0 helmet.
  1556 | D:2      | 1556 ||| UPGRADING to +0 kite shield.
  1566 | D:2      | 1566 ||| DROPPING +0 buckler.
  1567 | D:2      | 1567 ||| UPGRADING to ring of willpower.
  1568 | D:2      | 1568 ||| READING scroll labelled QOUZXE OKYE.
  1569 | D:2      | 1569 ||| READING scroll labelled XEUTWU GOUCE.
  1570 | D:2      | 1570 ||| READING scroll labelled QISERO HIMPOPP.
  1571 | D:2      | 1571 ||| READING scroll labelled RUSUAL ZUGIDD.
  1572 | D:2      | 1572 ||| DRINKING 2 murky inky potions.
  1573 | D:2      | 1573 ||| READING 2 scrolls of identify.
  1573 | D:2      | 1573 ||| IDENTIFYING emerald potion
  1738 | D:3      | 1738 ||| Stepping ~*~*~tactically~*~*~ (stealth).
  1739 | D:3      | 1739 ||| Stepping ~*~*~tactically~*~*~ (stealth).
  1752 | D:3      | 1752 ||| DROPPING +0 whip.
  1756 | D:3      | Noticed Jessica
  1759 | D:3      | 1759 ||| Stepping ~*~*~tactically~*~*~ (hiding).
  1770 | D:3      | 1770 ||| Stepping ~*~*~tactically~*~*~ (hiding).
  1775 | D:3      | Killed Jessica
  2343 | D:3      | 2343 ||| UPGRADING to ring of protection from cold.
  2344 | D:3      | 2344 ||| READING scroll labelled IGEUSCH DAES.
  2445 | D:3      | 2445 ||| READING 2 scrolls of identify.
  2445 | D:3      | 2445 ||| IDENTIFYING murky orange potion
  2446 | D:3      | 2446 ||| DROPPING potion of degeneration.
  2463 | D:4      | 2463 ||| PLANNING OSSUARY
  2515 | D:4      | 2515 ||| Stepping ~*~*~tactically~*~*~ (stealth).
  2529 | D:4      | Found a sand-covered staircase.
  2530 | D:4      | 2530 ||| READING scroll labelled QOKIHY BOAGH.
  2531 | D:4      | Noticed Edmund
  2532 | D:4      | 2532 ||| FLEEEEING.
  2548 | D:4      | 2548 ||| FLEEEEING.
  2549 | D:4      | 2549 ||| FLEEEEING.
  2553 | D:4      | 2553 ||| Stepping ~*~*~tactically~*~*~ (hiding).
  2555 | D:4      | 2555 ||| Stepping ~*~*~tactically~*~*~ (hiding).
  2556 | D:4      | 2556 ||| Stepping ~*~*~tactically~*~*~ (hiding).
  2559 | D:4      | HP: 7/38 [gnoll/+0 flail (4)]
  2560 | D:4      | 2560 ||| DRINKING potion of heal wounds.
  2564 | D:4      | Killed Edmund
  2564 | D:4      | HP: 4/38 [gnoll/+0 vampiric spear (8)]
  2565 | D:4      | Reached XP level 7. HP: 5/42 MP: 7/7
  2569 | D:4      | HP: 4/42 [gnoll/+0 vampiric spear (1)]
  2617 | D:4      | 2617 ||| FLEEEEING.
  2618 | D:4      | 2618 ||| FLEEEEING.
  2631 | D:4      | HP: 9/43 [gnoll/+0 halberd (3)]
  2634 | D:4      | HP: 2/43 [gnoll/+0 halberd (6)]
  2639 | D:4      | HP: 4/43 [worm (5)]
  2641 | D:4      | HP: 1/43 [worm (5)]
  2643 | D:4      | Slain by a worm

Levels and vault maps discovered:
D:1:      dpeg_arrival_arbitrary_c, layout_loops_ring,
          ebering_ecumenical_altar_webs, st_stairs_11, minmay_pentomino_p2
D:2:      layout_rooms, serial_forest, infiniplex_forest_clump_small,
          infiniplex_forest_clump_small, infiniplex_forest_zigzag_2,
          infiniplex_forest_zigzag_1, infiniplex_forest_straight_4,
          infiniplex_forest_lined_4_way, infiniplex_forest_corner_2,
          uniq_crazy_yiuf_cottage, uniq_terence, uniq_robin, uniq_sigmund
D:3:      layout_loops_ring, corexii_corridor_pit, uniq_jessica
D:4:      layout_gridville, temple_statues, nicolae_ossuary_entry_monument,
          uniq_edmund

Skill      XL: |  1  2  3  4  5  6  7 |
---------------+----------------------+-----
Axes           | 2 3 5 |  5.6
Shields        | 5 |  5.4
Fighting       | 4 |  4.0
Armour         | |  3.2
Dodging        | |  0.5

Action                   |  1- 3 |  4- 6 |  7- 9 || total
-------------------------+-------+-------+-------++-------
Melee: War axe           |    79 |   104 |    27 ||   210
Throw: Boomerang         |    23 |    46 |       ||    69
  Use: Scroll            |     4 |     8 |       ||    12
       Potion            |       |     2 |       ||     2
Armor: Scale mail        |    80 |    48 |    16 ||   144
Dodge: Dodged            |    53 |    48 |     6 ||   107
Block: Buckler           |    26 |     7 |       ||    33
       Kite shield       |       |    24 |    17 ||    41

Table legend:
 A = Non-vault XP
 B = Vault XP
 C = Vault XP percentage of total XP
 D = Non-vault monster count
 E = Vault monster count
 F = Vault count percentage of total count
                 A         B        C        D         E       F
            +---------+---------+-------+---------+---------+-------
      Total |     279 |     484 |  63.4 |      60 |      19 |  24.1
            +---------+---------+-------+---------+---------+-------
        D:1 |      31 |       7 |  18.4 |      18 |       4 |  18.2
        D:2 |      68 |     283 |  80.6 |      22 |      13 |  37.1
        D:3 |      35 |      37 |  51.4 |      11 |       1 |   8.3
        D:4 |     145 |     157 |  52.0 |       9 |       1 |  10.0
            +---------+---------+-------+---------+---------+-------
